AoeStats
← 体制少妇白洁

Black Forest

510236362Analyzed
4v4 RM · 2d ago on Sep 30, 2026· 37m 51s· 8 players
Game mode
Random Map
Map size
Large (8 player)
Population
200
Speed
Normal
Resources
Standard
Victory
Conquest
Starting age
Dark Age
Ending age
Imperial Age
RankedLock teamsTeams togetherTeam positionsShared explorationLock speedFull tech treeHidden civsTurbo modeCheats
Victory
Defeat
🇺🇾 Danes · Uruguay
1706
+8
🇺🇾 Wei · Uruguay
1595
+12
🇺🇾 Bohemians · Uruguay
1544
+13
🇺🇾 Dravidians · Uruguay
1521
+14
🇨🇳 Teutons · China
1514
-12
🇨🇳 Magyars · China
1503
-13
🇨🇳 Varangians · China
1484
-11
🇭🇰 Danes · Hong Kong SAR China
1484
-11
体制少妇白洁
10:01 Loom
11:46 Feudal Age
13:00 Double-Bit Axe
18:41 Castle Age
16:24 Fishing Lines
17:20 Horse Collar
19:55 Wheelbarrow
19:51 Gillnets
20:42 Town Watch
21:06 Heavy Plow
23:09 Hand Cart
25:56 Caravan
26:48 Loom
30:04 Imperial Age
28:23 Gold Mining
29:57 Gold Shaft Mining
30:05 Scale Mail Armor
30:16 Forging
30:19 Pikeman
30:59 Squires
31:16 Chain Mail Armor
30:27 Capped Ram
31:20 Siege Ram
32:42 Iron Casting
31:28 Halberdier
33:13 Plate Mail Armor
33:32 Conscription
33:11 Northmen's Fury
34:32 Onager
36:06 Siege Engineers
37:37 Blast Furnace
36:29 Siege Onager
儒门_重农抑商
6:53 Loom
9:35 Feudal Age
10:43 Double-Bit Axe
11:07 Man-at-Arms
14:46 Fletching
24:33 Castle Age
22:47 Horse Collar
24:23 Town Watch
25:32 Bow Saw
33:15 Imperial Age
32:08 Wheelbarrow
31:59 Bodkin Arrow
33:47 Crossbowman
36:08 Chemistry
35:28 Ballistics
雀巢阿帆
0:31 Loom
12:34 Feudal Age
17:03 Castle Age
15:09 Fishing Lines
15:42 Double-Bit Axe
19:35 Bow Saw
20:19 Gillnets
25:36 Wheelbarrow
25:41 Gold Mining
26:07 Horse Collar
28:26 Heavy Plow
31:03 Imperial Age
28:45 Scale Barding Armor
28:59 Stone Mining
29:23 Forging
30:47 Stone Shaft Mining
31:34 Bloodlines
31:24 Husbandry
32:04 Padded Archer Armor
31:55 Fletching
32:25 Chain Barding Armor
32:19 Caravan
32:44 Hand Cart
33:32 Two-Man Saw
35:37 Chemistry
34:46 Siege Engineers
35:22 Conscription
35:38 Elite Skirmisher
36:38 Leather Archer Armor
36:18 Bodkin Arrow
35:49 Elite Jarl
36:50 Conscription
37:31 Vendel Legacy
雕牌洗衣粉
13:20 Feudal Age
17:18 Castle Age
16:18 Double-Bit Axe
16:45 Fishing Lines
18:24 Bow Saw
19:19 Wheelbarrow
18:58 Gillnets
22:56 Hand Cart
26:37 Gold Mining
26:47 Horse Collar
30:09 Imperial Age
27:45 Fletching
27:39 Treadmill Crane
29:01 Gold Shaft Mining
28:21 Stone Mining
28:49 Bodkin Arrow
28:55 Padded Archer Armor
29:17 Ballistics
29:03 Corvinian Army
29:10 Heavy Plow
29:45 Thumb Ring
29:47 Caravan
30:36 Leather Archer Armor
30:10 Heavy Cavalry Archer
30:58 Bracer
31:27 Parthian Tactics
32:04 Recurve Bow
32:25 Conscription
32:13 Scale Barding Armor
32:39 Ring Archer Armor
32:48 Ring Archer Armor
33:12 Elite Magyar Huszar
34:17 Chain Barding Armor
35:58 Chemistry
36:52 Hoardings
36:29 Masonry
|FMG| Nadie
1:18 Loom
12:42 Feudal Age
16:40 Castle Age
14:36 Double-Bit Axe
16:08 Horse Collar
18:51 Fervor
20:07 Wheelbarrow
23:55 Fletching
24:50 Fishing Lines
26:23 Hand Cart
30:55 Imperial Age
29:15 Bow Saw
30:09 Chemistry
30:04 Fortified Wall
29:47 Town Watch
30:07 Gillnets
31:47 Padded Archer Armor
32:20 Masonry
31:51 Houfnice
35:05 Siege Engineers
35:30 Architecture
35:37 Leather Archer Armor
35:18 Bodkin Arrow
|FMG| twitch/JabsUY
0:31 Loom
11:50 Feudal Age
15:31 Fletching
20:14 Stone Mining
23:48 Castle Age
23:14 Double-Bit Axe
25:00 Bow Saw
24:40 Horse Collar
25:06 Fishing Lines
26:03 Bodkin Arrow
27:11 Wheelbarrow
26:40 Heavy Plow
27:54 Gillnets
28:14 Gold Mining
29:24 Hand Cart
33:52 Imperial Age
32:58 Gold Shaft Mining
32:58 Stone Shaft Mining
32:14 Town Watch
33:46 Thumb Ring
34:59 Bracer
35:00 Padded Archer Armor
36:03 Chemistry
35:56 Parthian Tactics
|FMG| pablomac12
0:26 Loom
13:57 Feudal Age
20:56 Castle Age
18:49 Double-Bit Axe
19:58 Horse Collar
21:34 Gold Mining
22:40 Wheelbarrow
23:30 Bow Saw
24:45 Town Watch
25:39 Fletching
25:52 Padded Archer Armor
25:57 Stone Mining
26:33 Heavy Plow
29:19 Imperial Age
26:54 Bodkin Arrow
27:23 Ballistics
28:04 Leather Archer Armor
27:57 Town Watch
31:09 Bracer
33:38 Chemistry
35:23 Ring Archer Armor
36:31 Masonry
35:45 Elite Elephant Archer
38:01 Thumb Ring
FMG | Camilo
11:06 Feudal Age
12:13 Double-Bit Axe
14:35 Castle Age
15:33 Bow Saw
18:02 Fishing Lines
19:55 Wheelbarrow
19:29 Gillnets
27:07 Imperial Age
24:33 Gold Mining
24:34 Stone Mining
25:28 Hand Cart
24:58 Loom
24:59 Town Watch
26:13 Scale Mail Armor
26:19 Scale Barding Armor
26:27 Forging
27:16 Gold Shaft Mining
27:18 Stone Shaft Mining
27:33 Squires
27:18 Arson
27:18 Horse Collar
27:50 Gambesons
27:31 Onager
29:44 Conscription
29:11 Elite Varangian Guard
30:50 Chain Mail Armor
31:38 Siege Onager
33:24 Plate Mail Armor
34:59 Siege Engineers
35:30 Iron Casting
34:27 Hamask
35:07 Northmen's Fury
38:34 Blast Furnace
37:45 Caravan
Connection lost

Rejoining the realm…

Still unreachable

The connection could not be restored.

Session expired

The server has moved on; the page needs a fresh start.